Map: New Repugnancy LE

Players

WingZero

  • Race: Protoss Protoss
  • League: Master
  • Spawn Location: 7:00

Steadfast - Winner!

  • Race: Zerg Zerg
  • League: Master
  • Spawn Location: 1:00

VOD

Have the link to the VOD?

Description

Time

  • Played on: Feb. 12, 2019, 8:20 p.m.
  • Length: 7:56
Show
View Real Time Build Order
Export as new Build Order

WingZero Protoss 

Build Orders: 1 Gate Expand 

Get SALT Encoding   

  12  0:01  Probe  
  13  0:13  Probe  
  14  0:19  Pylon  
  14  0:25  Probe  
  15  0:35  Probe  
  15  0:39  Gateway  
  16  0:43  Probe  
  17  0:51  Assimilator  
  17  0:52  Probe  
  19  1:04  Probe  
  19  1:16  Probe  
  20  1:28  Nexus  
  20  1:42  Cybernetics Core  
  20  1:43  Probe  
  21  1:48  Assimilator  
  21  1:55  Probe  
  21  1:57  Pylon  
  22  2:05  Probe  
  23  2:08  Adept  
  23  2:13  Probe  
  23  2:21  Probe  
  26  2:29  Stalker  
  27  2:30  Warp Gate  
  27  2:33  Probe  
  27  2:42  Probe  
  30  2:45  Probe  
  31  2:54  Probe  
  31  2:55  Robotics Facility  
  31  2:57  Probe  
  33  3:07  Probe  
  33  3:09  Twilight Council  
  33  3:10  Probe  
  35  3:19  Probe  
  36  3:22  Probe  
  37  3:31  Gateway, Probe  
  37  3:34  Probe  
  39  3:43  Pylon, Probe  
  39  3:46  Pylon, Probe  
  39  3:55  Probe, Immortal  
  40  3:57  Charge  
  40  3:58  Probe  
  41  4:04  Pylon  
  41  4:06  Gateway  
  45  4:14  Gateway x2  
  45  4:17  Probe  
  45  4:22  Gateway  
  46  4:24  Immortal  
  46  4:35  Gateway  
  50  4:43  Gateway  
  50  4:44  Pylon  
  50  4:46  Pylon  
  50  4:53  Warp Prism  
  50  5:03  Gateway  
  50  5:05  Pylon x2  
  52  5:14  Zealot x4  
  60  5:21  Pylon  
  60  5:24  Zealot x2  
  64  5:42  Zealot  
  64  5:43  Zealot x5  
  76  5:56  Pylon  
  76  5:57  Pylon  
  76  6:04  Zealot x3  
  76  6:05  Zealot x3  
  84  6:24  Zealot x3  
  52  6:33  Zealot x3  
  52  6:34  Zealot x3  
  62  6:57  Zealot x2  
  62  6:58  Zealot x7  
  62  7:28  Zealot x8  
  64  7:47  Zealot x3  
Show
View Real Time Build Order
Export as new Build Order

Steadfast Zerg - Winner!

Build Orders: Hatch First 

Get SALT Encoding   

  12  0:00  Drone  
  13  0:13  Overlord  
  13  0:17  Drone  
  14  0:31  Drone x2  
  16  0:49  Hatchery  
  15  0:52  Drone  
  15  0:55  Drone  
  17  0:58  Drone  
  18  1:09  Extractor  
  17  1:14  Spawning Pool  
  16  1:20  Drone  
  16  1:21  Drone  
  18  1:29  Drone  
  19  1:40  Drone  
  20  1:50  Drone  
  21  2:00  Overlord  
  21  2:01  Queen x2  
  21  2:03  Zergling x2  
  26  2:12  Metabolic Boost  
  26  2:14  Drone x2  
  28  2:22  Drone  
  29  2:27  Drone  
  30  2:38  Hatchery, Drone  
  30  2:43  Drone x2  
  32  2:47  Overlord  
  32  2:57  Zergling x4  
  33  3:11  Spore Crawler  
  33  3:20  Overlord, Drone  
  33  3:21  Drone x6  
  33  3:25  Evolution Chamber  
  39  3:33  Queen, Spore Crawler  
  40  3:37  Drone  
  40  3:38  Drone  
  40  3:39  Overlord  
  40  3:41  Spore Crawler  
  40  3:47  Overlord, Drone x2  
  40  3:48  Drone x2  
  45  4:00  Roach Warren, Lair  
  44  4:04  Drone x4  
  44  4:07  Extractor  
  44  4:09  Extractor  
  46  4:23  Drone  
  46  4:24  Drone x2  
  49  4:26  Queen  
  49  4:28  Overlord x2  
  51  4:53  Roach x10  
  51  4:54  Roach  
  51  4:59  Zergling x4  
  75  5:05  Glial Reconstitution  
  75  5:12  Spine Crawler, Roach  
  75  5:13  Roach  
  78  5:16  Zergling x8  
  82  5:24  Overlord x2  
  82  5:28  Roach x4  
  90  5:36  Overlord x2  
  90  5:40  Zerg Missile Weapons Level 1  
  90  5:56  Roach x6  
  102  5:57  Zergling x6  
  103  6:08  Zergling x6  
  103  6:09  Zergling x8  
  109  6:21  Zergling x2  
  109  6:22  Zergling x10  
  101  6:28  Zergling x12  
  96  6:53  Roach x10  
  109  7:11  Roach x6  
  119  7:29  Roach  
  121  7:30  Overlord x3  
  121  7:31  Overlord  
Tags
 
Add a new tag
Caveats
  • Supply blocks, unpowered buildings, or Contaminate may cause inaccurate times.
  • Supply counts are checked every 10 seconds.